Map: Temple gelé

Players

pupu

  • Race: Protoss Protoss
  • League: Gold

Pramuk - Winner!

  • Race: Terran Terran
  • League: Silver

VOD

Have the link to the VOD?

Description

Time

  • Played on: April 21, 2016, 3:22 p.m.
  • Length: 6:39
Show
View Real Time Build Order
Export as new Build Order

pupu Protoss 

Build Orders: 1 Gate Expand 

Get SALT Encoding   

  12  0:01  Probe (Chrono Boost)  
  13  0:11  Probe (Chrono Boost)  
  14  0:22  Probe (Chrono Boost), Pylon  
  15  0:40  Probe (Chrono Boost)  
  15  0:41  Gateway  
  16  0:50  Probe (Chrono Boost)  
  16  0:51  Assimilator  
  17  1:01  Probe (Chrono Boost)  
  18  1:21  Nexus  
  18  1:26  Probe (Chrono Boost)  
  19  1:37  Probe (Chrono Boost)  
  20  1:47  Probe (Chrono Boost)  
  20  1:48  Cybernetics Core  
  20  1:51  Forge  
  21  1:58  Probe (Chrono Boost)  
  22  2:02  Assimilator  
  22  2:09  Probe (Chrono Boost)  
  22  2:11  Pylon  
  23  2:25  Warp Gate (Chrono Boost)  
  23  2:29  Probe  
  24  2:32  Zealot  
  26  2:38  Gateway  
  26  2:39  Probe  
  26  2:41  Probe  
  28  2:50  Gateway  
  28  2:52  Pylon  
  28  3:01  Photon Cannon  
  28  3:11  Probe  
  28  3:12  Probe  
  30  3:13  Photon Cannon  
  30  3:20  Sentry  
  30  3:26  Protoss Ground Weapons Level 1 (Chrono Boost)  
  32  3:29  Probe  
  32  3:30  Probe  
  34  3:37  Pylon  
  34  3:39  Probe  
  35  3:42  Probe  
  36  3:51  Robotics Facility  
  36  3:56  Pylon  
  36  4:01  Probe  
  36  4:03  Probe  
  36  4:04  Assimilator  
  38  4:11  Mothership Core  
  40  4:19  Zealot x3  
  46  4:25  Probe  
  46  4:29  Pylon  
  46  4:31  Probe  
  47  4:37  Probe  
  49  4:41  Probe  
  49  4:45  Gateway  
  50  4:46  Pylon  
  50  4:48  Pylon  
  50  4:49  Probe  
  50  4:50  Sentry x2  
  55  4:53  Pylon  
  55  4:55  Observer  
  55  4:57  Probe  
  57  5:01  Probe  
  57  5:05  Zealot  
  60  5:10  Probe  
  60  5:13  Probe  
  62  5:17  Assimilator  
  62  5:21  Probe  
  62  5:22  Photon Cannon  
  62  5:25  Probe  
  62  5:27  Photon Cannon  
  48  5:42  Zealot  
  50  5:56  Photon Cannon  
  50  6:01  Pylon x2  
  49  6:04  Photon Cannon  
  49  6:06  Photon Cannon  
  47  6:24  Adept x2  
Show
View Real Time Build Order
Export as new Build Order

Pramuk Terran - Winner!

Build Orders:  

Get SALT Encoding   

  12  0:01  SCV  
  13  0:13  SCV  
  14  0:21  Supply Depot  
  14  0:25  SCV  
  15  0:43  SCV  
  15  0:44  Barracks  
  16  0:55  SCV  
  17  1:00  Supply Depot  
  17  1:07  SCV  
  17  1:10  Refinery  
  18  1:21  SCV  
  19  1:26  Barracks  
  19  1:33  Marine, SCV  
  19  1:37  Barracks  
  21  1:50  SCV  
  21  1:52  Marine  
  23  2:04  Orbital Command  
  23  2:10  Marine  
  23  2:14  Barracks Reactor  
  24  2:17  Barracks  
  24  2:26  Barracks Reactor  
  24  2:29  Engineering Bay  
  24  2:30  Marine  
  25  2:44  Supply Depot  
  25  2:48  Marine  
  25  2:50  Marine x2  
  28  3:00  Terran Infantry Weapons Level 1  
  28  3:03  Supply Depot, Marine x2  
  28  3:05  Marine  
  31  3:09  Marine x3  
  34  3:22  Marine x2  
  34  3:24  Barracks Tech Lab  
  36  3:28  Marine  
  36  3:29  Supply Depot, Marine x2  
  39  3:41  Marine  
  39  3:42  Marine  
  39  3:46  Combat Shields  
  39  3:47  Marine x2  
  39  3:48  Marine  
  43  3:49  Marine  
  45  3:57  Supply Depot  
  45  4:00  Marine  
  45  4:01  Marine  
  47  4:06  Marine  
  47  4:08  Marine  
  49  4:10  Marine  
  50  4:19  Marine x2  
  52  4:26  Marine x3  
  52  4:30  Marine  
  56  4:39  Marine x2  
  58  5:00  Marine  
  58  5:04  SCV, Command Center  
  60  5:12  Marine x2  
  62  5:16  SCV  
  62  5:18  Supply Depot  
  63  5:28  SCV  
  63  5:30  Marine  
  53  5:58  Marine x4  
  53  5:59  SCV  
  58  6:12  SCV  
Tags
 
Add a new tag
Caveats
  • Supply blocks, unpowered buildings, or Contaminate may cause inaccurate times.
  • Supply counts are checked every 10 seconds.